 Dungeon Crawl Stone Soup version 0.29-a0-923-g6e406bff71 (webtiles) character file.

Game seed: 3449978442889065797

9557 Querens the Blocker (level 12, -1/105 HPs)
             Began as a Meteoran Fighter on July 28, 2022.
             Was an Elder of Makhleb.
             Slain by a manticore (5 damage)
             ... on level 9 of the Dungeon.
             The game lasted 00:20:56 (5071 turns).

Querens the Blocker (Meteoran Fighter)              Turns: 5071, Time: 00:20:57

Health: -1/105     AC: 15    Str: 30    XL:     12   Next: 6%
Magic:  20/20      EV:  7    Int: 10    God:    Makhleb [****..]
Gold:   807        SH: 11    Dex: 13    Spells: 11/11 levels left

rFire   . . .      SeeInvis .   n - +6 shillelagh "Devastator" {shatter}
rCold   . . .      Faith    .   q - +0 kite shield
rNeg    + . .      Spirit   .   D - +0 chain mail
rPois   +          Reflect  .   m - +2 hat of a Labyrinth {rPois Will+}
rElec   .          Harm     .   (no cloak)
rCorr   .          Rampage  .   B - +0 pair of gloves
Will    ++...                   (no boots)
Stlth   ..........              h - amulet of regeneration
HPRegen 1.07/turn               g - ring of positive energy
MPRegen 0.17/turn               i - +6 ring of strength

@: slowed, glowing, very slow
A: sense surroundings 2, otherworldly, glowing, explore regen
a: Renounce Religion, Minor Destruction, Lesser Servant of Makhleb, Major
Destruction


You were on level 9 of the Dungeon.
You worshipped Makhleb.
Makhleb was greatly pleased with you.
You visited 2 branches of the dungeon, and saw 12 of its levels.
You also visited: Ossuary.

You collected 807 gold pieces.

Inventory:

Hand Weapons
 a - a +0 war axe
 n - the +6 shillelagh "Devastator" (weapon) {shatter}
   (You found it on level 2 of the Dungeon)

   It releases a powerful concussive burst when it strikes, dealing extra damage
   to the target and all other foes adjacent to them.
Missiles
 s - a throwing net (quivered)
 Q - a curare-tipped dart
Armour
 m - the +2 hat of a Labyrinth (worn) {rPois Will+}
   (You found it on level 2 of the Dungeon)

   rPois:     It protects you from poison.
   Will:      It increases your willpower.
 q - a +0 kite shield (worn)
 B - a +0 pair of gloves (worn)
 D - a +0 chain mail (worn)
 P - a +0 plate armour
Jewellery
 g - a ring of positive energy (left hand)
 h - an amulet of regeneration (around neck)
 i - a +6 ring of strength (right hand)
 w - a ring of positive energy
 F - a ring of protection from cold
 K - a ring of flight
 L - a ring of resist corrosion
Wands
 j - a wand of mindburst (6)
 y - a wand of charming (1)
 O - a wand of digging (7)
Scrolls
 b - 2 scrolls of blinking {unknown}
 k - 5 scrolls of poison
 l - a scroll of enchant armour {unknown}
 o - 2 scrolls of acquirement {unknown}
 p - a scroll of magic mapping {unknown}
 t - 4 scrolls of fear
 u - 4 scrolls of teleportation
 C - a scroll of torment {unknown}
 E - 2 scrolls of amnesia {unknown}
 H - 3 scrolls of enchant weapon {unknown}
 M - a scroll of brand weapon {unknown}
 N - a scroll of butterflies {unknown}
Potions
 c - 3 potions of mutation {unknown}
 d - 3 potions of might
 e - 8 potions of curing
 f - 2 potions of attraction {unknown}
 r - 2 potions of ambrosia
 v - a potion of experience {unknown}
 x - 4 potions of heal wounds
 z - 3 potions of flight {unknown}
 A - 2 potions of magic {unknown}
 G - a potion of berserk rage {unknown}
 I - 3 potions of lignification {unknown}
 J - 2 potions of brilliance {unknown}


   Skills:
 + Level 9.5 Fighting
 + Level 10.0 Axes
 + Level 10.2 Armour
 + Level 10.3 Shields
 + Level 9.6 Invocations


You had 11 spell levels left.
You didn't know any spells.
Your spell library contained the following spells:

 Spells                   Type           Power      Damage    Failure   Level
 Beastly Appendage        Tmut           0%         N/A       97%         1
 Ensorcelled Hibernation  Hex/Ice        0%         N/A       99%         2
 Static Discharge         Conj/Air       0%         3-3/arc   99%         2
 Spider Form              Tmut/Pois      0%         N/A       100%        3
 Anguish                  Hex/Necr       0%         N/A       100%        4
 Fireball                 Conj/Fire      0%         3d3       100%        5
 Lightning Bolt           Conj/Air       0%         1d11      100%        5
 Starburst                Conj/Fire      0%         6d3       100%        6
 Ignition                 Fire           0%         3d3       100%        8
 Maxwell's Capacitive Co  Air            0%         ∞         100%        8


Dungeon Overview and Level Annotations

Branches:
Dungeon (11/15) Zot: 1532  Temple (1/1) D:4 Zot: 557 Ossuary (visited)
   Lair: D:8-11         Orc: D:9-12

Altars:
Ashenzari
Cheibriados
Dithmenos
Elyvilon
Fedhas
Gozag
Hepliaklqana
Kikubaaqudgha
Makhleb
Nemelex Xobeh
Okawaru
Qazlal
Ru
Sif Muna
Trog
Uskayaw
Vehumet
Wu Jian
Yredelemnul
Zin
The Shining One

Shops:
D:3 (

Annotations:
D:9 Harold


Innate Abilities, Weirdness & Mutations

You passively map the area around you.
You are easily found by Zot.
You glow in the dark.
You regain HP and MP as you explore.


Message History

You block the manticore's attack.
Unknown command.
Unknown command.
You miss the hornet.
The hornet is severely wounded.
The hornet stings you! You block the hornet's attack. The manticore bites you!
* * * LOW HITPOINT WARNING * * *
The manticore claws you but does no damage.
You block the manticore's attack.
The hornet stings you but does no damage.
Unknown command.
Unknown command.
Unknown command.
You closely miss the hornet.
The hornet is severely wounded.
The hornet stings you but does no damage.
The manticore bites you!
* * * LOW HITPOINT WARNING * * *
You block the manticore's attack.
The manticore claws you but does no damage.
The hornet stings you but does no damage.
The manticore bites you.
* * * LOW HITPOINT WARNING * * *
You block the manticore's attack.
The manticore claws you but does no damage.
Unknown command.
Unknown command.
You feel much better.
You feel yourself speed up. The hornet stings you!
* * * LOW HITPOINT WARNING * * *
You feel yourself slow down. You block the manticore's attack.
The manticore claws you but does no damage.
You block the manticore's attack. The hornet stings you!
* * * LOW HITPOINT WARNING * * *
You feel as though you will be slow longer.
The manticore bites you!
* * * LOW HITPOINT WARNING * * *
You block the manticore's attack. The manticore claws you.
You die...

, * * * , ,
* , *** * *
, ,, , ,
♣,♣, , , ,*
, ,, *.♣.*
,, , ,* *
*,♣.♣ , , *
♣.♣♣ * ..# ♣
♣#,, ♣).♣#,,
..#♣. ♣.# *
♣♣y≈.# # * *
..#.♣♣.$#
*♣@H≈.# .#,,
, ..#.♣..♣ *
♣..≈.# ..# *
..#...♣ ,,
♣♣♣..# ...#
, ..#..♣* *
♣...♣#....#
, ,
....♣♣♣♣# *
#♣♣♣.♣.....#
,#....
........# *+
#..).......#
,#....
....♣♣♣♣#
#♣.♣♣♣.....#
#.... ..#.♣
♣.# * *
♣.P♣♣#....#
#....
..#.♣♣..# ,
*
♣.≈P♣#....+
,+....


You could see a manticore and a hornet.

Vanquished Creatures
  A hydra (D:11)
  A two-headed ogre (D:9)
  Pikel (D:8)
  2 gargoyles
  2 trolls
  2 hornets (D:9)
  10 yaks (D:9)
  A steam dragon (D:7)
  Menkaure (D:5)
  A water moccasin (D:6)
  A sky beast (D:7)
  An acid dragon (D:9)
  4 orc warriors
  An ice beast (D:8)
  3 black bears
  An ogre (D:6)
  5 centaurs
  2 lemures (D:8)
  2 phantoms
  2 kobold brigands (D:9)
  7 bullfrogs
  A gnoll sergeant (D:4)
  3 scorpions
  2 necrophages
  A water moccasin zombie (Ossuary)
  9 wights (D:6)
  A killer bee (D:9)
  5 howler monkeys
  6 electric eels (D:7)
  6 hounds
  3 jellies
  2 orc priests
  Ijyb (D:4)
  An iguana (D:7)
  12 orc wizards
  2 mummies (Ossuary)
  6 adders
  18 gnolls (D:4)
  2 shadow imps
  A white imp (D:6)
  8 adder zombies (Ossuary)
  2 dart slugs (D:1)
  41 orcs
  11 endoplasms
  2 giant cockroaches
  2 gnoll zombies (Ossuary)
  14 goblins
  11 hobgoblins
  14 jackals (D:4)
  8 quokkas
  6 ball pythons
  7 bats
  4 frilled lizards (D:3)
  8 hobgoblin zombies (Ossuary)
  12 kobolds
  2 kobold zombies (Ossuary)
  4 orc zombies (Ossuary)
  10 rats
299 creatures vanquished.

Vanquished Creatures (others)
  8 fungi (D:9)
  13 plants
21 creatures vanquished.

Grand Total: 320 creatures vanquished

Notes
Turn   | Place    | Note
-------+----------+-------------------------------------------
     0 | D:1      | Querens the Meteoran Fighter began the quest for the Orb.
     0 | D:1      | Reached XP level 1. HP: 19/19 MP: 2/2
    86 | D:1      | Reached XP level 2. HP: 26/26 MP: 3/3
   147 | D:1      | Reached XP level 3. HP: 14/31 MP: 4/4
   272 | D:1      | Reached XP level 4. HP: 40/40 MP: 5/5
   306 | D:1      | Found a faded altar of an unknown god.
   318 | D:1      | Got Plato's Incunable of the Figure
   355 | D:2      | Identified the +2 hat of a Labyrinth {rPois Will+}
   379 | D:2      | Found the +6 shillelagh "Devastator" {shatter}
  1045 | D:3      | Reached XP level 5. HP: 46/46 MP: 6/6
  1050 | D:3      | Found Qeawijon's Antique Weapon Emporium.
  1274 | D:4      | Reached XP level 6. HP: 50/51 MP: 7/7
  1307 | D:4      | Noticed Ijyb
  1316 | D:4      | Killed Ijyb
  1349 | D:4      | Reached skill level 5 in Shields
  1381 | D:4      | Reached skill level 5 in Armour
  1387 | D:4      | Found a staircase to the Ecumenical Temple.
  1398 | Temple   | Entered the Ecumenical Temple
  1416 | Temple   | Became a worshipper of Makhleb the Destroyer
  1508 | D:4      | Reached XP level 7. HP: 56/60 MP: 8/8
  1574 | D:4      | Reached skill level 1 in Invocations
  1579 | D:4      | Reached skill level 5 in Fighting
  1632 | D:4      | Reached * piety under Makhleb
  1728 | D:4      | Reached skill level 5 in Axes
  1730 | D:4      | Reached XP level 8. HP: 68/68 MP: 10/10
  1911 | D:4      | Reached ** piety under Makhleb
  2174 | D:5      | Entered Level 5 of the Dungeon
  2174 | D:5      | Found a sand-covered staircase.
  2265 | D:5      | Noticed Menkaure
  2271 | D:5      | Killed Menkaure
  2315 | D:5      | Gained mutation: You passively map the area around you.
                  | [Meteoran growth]
  2315 | D:5      | Reached XP level 9. HP: 75/75 MP: 11/13
  2467 | Ossuary  | Entered an ossuary
  2507 | Ossuary  | Reached *** piety under Makhleb
  2588 | D:6      | Found a basalt altar of Yredelemnul.
  2588 | D:6      | Found an opulent altar of Gozag.
  2588 | D:6      | Found an iron altar of Okawaru.
  2771 | D:6      | Reached skill level 5 in Invocations
  3072 | D:6      | Reached XP level 10. HP: 86/86 MP: 15/15
  3318 | D:6      | Reached **** piety under Makhleb
  3358 | D:7      | Found a radiant altar of Vehumet.
  3873 | D:8      | Identified the +8 dagger of a treasure trove {drain, rF+
                  | Str+3}
  4208 | D:8      | Noticed Pikel
  4212 | D:8      | Killed Pikel
  4290 | D:8      | Noticed a gargoyle
  4295 | D:8      | Killed a gargoyle
  4410 | D:8      | You fall into a shaft and drop 3 floors!
  4418 | D:11     | Noticed a four-headed hydra
  4422 | D:11     | Killed a four-headed hydra
  4423 | D:11     | Reached XP level 11. HP: 80/95 MP: 16/18
  4444 | D:11     | Noticed an orc knight
  4452 | D:10     | Entered Level 10 of the Dungeon
  4452 | D:10     | Noticed a two-headed ogre
  4521 | D:9      | Noticed Harold
  4959 | D:9      | Paralysed by a hornet for 1 turns
  4977 | D:9      | Reached skill level 10 in Shields
  4979 | D:9      | Reached skill level 10 in Armour
  5043 | D:9      | Noticed a two-headed ogre
  5053 | D:9      | Killed a two-headed ogre
  5054 | D:9      | Reached skill level 10 in Axes
  5054 | D:9      | Reached XP level 12. HP: 99/105 MP: 20/20
  5071 | D:9      | HP: 4/105 [manticore (8)]
  5071 | D:9      | Slain by a manticore

Illustrated notes

Levels and vault maps discovered:
D:1:      ncdulo_smallfort, layout_rooms, shapermc_ecumenical_altar_rom_forum,
          st_stairs_2, minmay_split_cup_small
D:2:      layout_basic, kennysheep_cluttered_room, minmay_statues_item,
          kennysheep_small_spiral
D:3:      layout_rooms, serial_shops, shop
D:4:      lemuel_castle_with_subvaults [lemuel_castle_interior_carwin_2],
          layout_basic, minmay_temple_entry_statues_pillars, uniq_robin,
          uniq_ijyb
D:5:      layout_rooms, nicolae_ossuary_entry_monument, uniq_menkaure
D:6:      layout_gridville, chequers_temple_overflow_statue_of_worship,
          chequers_serial_rivers_micro_b, dreamdust_wishing_well,
          lightli_orcish_oven
D:7:      layout_cave_pools, mainiacjoe_overflow_concentric_impassable,
          serial_bayou_lake_a
D:8:      layout_layer_cave, uniq_pikel
D:9:      nzn_winding_woodlands_medium [nzn_winding_woodlands_5x5_checkerboard,
          nzn_winding_woodlands_5x15_pathside_ponds,
          nzn_winding_woodlands_5x5_perimeter,
          nzn_winding_woodlands_5x5_open_star,
          nzn_winding_woodlands_center_lodge,
          nzn_winding_woodlands_5x5_closed_star,
          nzn_winding_woodlands_hourglass, nzn_winding_woodlands_5x15_pockets,
          nzn_winding_woodlands_5x5_cross], layout_gridville,
          grunt_lair_entry_orc_guard_hut, uniq_harold
D:10:     layout_cave_pools, hiddenorc2_lemuel, serial_bayou_pond_d,
          minmay_misc_feat_pillars, minivault_26
D:11:     layout_loops_ring
Temple:   nicolae_temple_two_arcs

Skill      XL: |  1  2  3  4  5  6  7  8  9 10 11 |
---------------+----------------------------------+-----
Armour         | 4 5 6 7 9 10 | 10.2
Shields        | 4 5 6 7 9 10 | 10.3
Axes           | 3 4 5 7 8 10 | 10.0
Fighting       | 4 5 6 7 8 9 |  9.5
Invocations    | 2 4 5 8 9 |  9.6

Action                   |  1- 3 |  4- 6 |  7- 9 | 10-12 || total
-------------------------+-------+-------+-------+-------++-------
Melee: War axe           |    51 |    12 |       |       ||    63
       Shillelagh        |       |    76 |   164 |   157 ||   397
  Use: Scroll            |       |       |       |     6 ||     6
       Potion            |       |       |       |     1 ||     1
Armor: Scale mail        |    42 |    44 |     7 |       ||    93
       Chain mail        |       |       |    65 |    97 ||   162
Dodge: Dodged            |    22 |    20 |    34 |    47 ||   123
Block: Buckler           |    18 |     5 |     4 |       ||    27
       Kite shield       |       |    27 |    82 |   129 ||   238

Table legend: (Time is in decaauts)
 A = Elapsed time spent in this place.
 B = Non-inter-level travel time spent in this place.
 C = Inter-level travel time spent in this place.
 D = Time resting spent in this place.
 E = Time spent auto-exploring this place.
 F = Levels seen in this place.
 G = Mean time per level.
                   A        B        C        D        E       F      G
               +--------+--------+--------+--------+--------+-----+--------+
         Total |   5223 |   4743 |    480 |    100 |      0 |  13 |  401.8 |
       Dungeon |   5066 |   4586 |    480 |    100 |      0 |  11 |  460.5 |
        Temple |     42 |     42 |      0 |      0 |      0 |   1 |   42.0 |
       Ossuary |    114 |    114 |      0 |      0 |      0 |   1 |  114.0 |
               +--------+--------+--------+--------+--------+-----+--------+

Top non-repeatable levels by time:
     D:4: 981 daAuts
     D:8: 801 daAuts
     D:6: 766 daAuts
     D:2: 580 daAuts
     D:7: 513 daAuts
     D:1: 360 daAuts
     D:9: 340 daAuts
     D:5: 310 daAuts
     D:3: 302 daAuts
 Ossuary: 114 daAuts
    D:10: 65 daAuts
    D:11: 43 daAuts
  Temple: 42 daAuts
